AoeStats
← BuLLet

Arena

509406137Analyzed
4v4 RM · 6d ago on Sep 26, 2026· 44m 34s· 8 players
Game mode
Random Map
Map size
Large (8 player)
Population
200
Speed
Normal
Resources
Standard
Victory
Conquest
Starting age
Dark Age
Ending age
Imperial Age
RankedLock teamsTeams togetherTeam positionsShared explorationLock speedFull tech treeHidden civsTurbo modeCheats
Victory
Defeat
🇮🇳 Byzantines · India
1058
+13
🇺🇸 Saxons · United States
1030
+14
🇮🇳 Danes · India
1019
+14
🇮🇳 Ethiopians · India
990
+16
🇮🇳 Franks · India
995
-15
🇮🇳 Saracens · India
980
-14
🇮🇳 Armenians · India
979
-14
🇮🇳 Romans · India
978
-14
EndLess
11:15 Feudal Age
15:31 Castle Age
13:41 Double-Bit Axe
13:39 Horse Collar
16:33 Bow Saw
16:27 Heavy Plow
24:22 Loom
25:49 Wheelbarrow
27:00 Hand Cart
29:57 Imperial Age
28:32 Scale Mail Armor
28:43 Forging
28:34 Gold Mining
28:38 Stone Mining
29:49 Fletching
30:40 Ballistics
30:33 Masonry
31:28 Siege Engineers
30:52 Northmen's Fury
31:54 Conscription
33:00 Chemistry
31:26 Onager
32:55 Siege Onager
34:16 Murder Holes
34:31 Masonry
33:46 Hamask
35:02 Hoardings
33:58 Hamask
34:56 Chain Mail Armor
35:16 Iron Casting
37:42 Plate Mail Armor
38:12 Blast Furnace
36:41 Elite Jomsviking
38:00 Hoardings
40:19 Coinage
oKC CHIEFS FANo
10:15 Feudal Age
10:43 Double-Bit Axe
11:02 Horse Collar
16:55 Castle Age
21:12 Loom
23:03 Heavy Plow
24:53 Fletching
25:28 Man-at-Arms
25:54 Gambesons
26:10 Squires
26:18 Scale Mail Armor
26:42 Town Watch
27:36 Wheelbarrow
27:31 Gold Mining
28:37 Chain Mail Armor
28:33 Forging
28:02 Long Swordsman
30:12 Bow Saw
33:27 Imperial Age
31:11 Treadmill Crane
31:53 Ballistics
31:38 Arson
32:17 Hand Cart
32:24 Masonry
34:31 Iron Casting
33:29 Two-Handed Swordsman
34:08 Shield Wall
35:44 Plate Mail Armor
35:11 Champion
36:39 Conscription
38:55 Fortified Wall
39:16 Architecture
38:42 Murder Holes
39:48 Chemistry
38:46 Bodkin Arrow
39:32 Town Patrol
43:23 Hoardings
43:31 Crop Rotation
44:04 Two-Man Saw
43:42 Bracer
CARNAGE
11:33 Feudal Age
15:40 Castle Age
13:42 Double-Bit Axe
14:37 Loom
17:08 Horse Collar
18:06 Fletching
19:57 Arson
21:00 Squires
23:12 Bow Saw
23:00 Gold Mining
25:18 Forging
33:11 Imperial Age
31:50 Wheelbarrow
32:12 Heavy Plow
34:04 Crossbowman
36:10 Iron Casting
35:32 Bodkin Arrow
37:28 Bracer
37:30 Padded Archer Armor
39:08 Gold Shaft Mining
38:24 Stone Mining
40:58 Leather Archer Armor
41:07 Arbalester
41:53 Thumb Ring
42:11 Ballistics
42:52 Chemistry
BuLLet
10:52 Feudal Age
12:21 Double-Bit Axe
14:50 Castle Age
12:39 Horse Collar
15:54 Bow Saw
17:09 Loom
18:00 Wheelbarrow
25:14 Imperial Age
23:31 Scale Mail Armor
23:41 Forging
23:55 Padded Archer Armor
23:46 Fletching
23:57 Scale Mail Armor
24:07 Forging
24:14 Gold Mining
24:26 Heavy Plow
25:42 Hand Cart
25:18 Pikeman
27:11 Chemistry
26:32 Leather Archer Armor
28:22 Stone Mining
30:33 Chain Mail Armor
33:45 Plate Mail Armor
34:56 Ring Archer Armor
38:04 Caravan
39:21 Bodkin Arrow
39:27 Murder Holes
39:13 Treadmill Crane
40:20 Bracer
GuptasLegacy
12:02 Feudal Age
12:42 Horse Collar
13:11 Double-Bit Axe
19:15 Castle Age
24:48 Fletching
26:54 Heavy Plow
27:06 Bow Saw
26:52 Gold Mining
29:09 Gold Shaft Mining
31:25 Imperial Age
29:31 Wheelbarrow
28:43 Town Watch
29:14 Forging
29:04 Scale Mail Armor
29:11 Man-at-Arms
29:52 Squires
29:38 Arson
29:38 Gambesons
30:32 Iron Casting
31:13 Hand Cart
30:59 Town Patrol
31:50 Chain Mail Armor
30:59 Long Swordsman
32:08 Town Patrol
31:56 Loom
32:03 Stone Mining
33:20 Plate Mail Armor
33:50 Blast Furnace
32:13 Two-Handed Swordsman
34:02 Conscription
33:48 Fereters
33:32 Champion
clueless
10:38 Feudal Age
13:18 Loom
15:35 Castle Age
17:01 Double-Bit Axe
22:29 Husbandry
23:47 Wheelbarrow
24:09 Bow Saw
26:12 Gold Mining
29:40 Town Watch
30:11 Hand Cart
30:40 Scale Barding Armor
30:46 Forging
30:38 Scale Mail Armor
33:11 Squires
32:59 Arson
Shanu
9:19 Feudal Age
9:40 Horse Collar
13:28 Loom
16:10 Castle Age
15:42 Double-Bit Axe
16:53 Heavy Plow
17:05 Bow Saw
30:05 Husbandry
30:18 Bloodlines
30:20 Scale Barding Armor
30:32 Gold Mining
30:43 Stone Mining
32:30 Gold Shaft Mining
33:16 Wheelbarrow
32:28 Town Watch
32:13 Elite Skirmisher
32:54 Light Cavalry
37:22 Chain Barding Armor
37:12 Forging
40:15 Iron Casting
45:07 Imperial Age
kundan
10:40 Feudal Age
15:43 Castle Age
14:43 Horse Collar
14:54 Double-Bit Axe
17:34 Bow Saw
22:01 Wheelbarrow
23:18 Hand Cart
24:19 Heavy Plow
27:36 Stone Mining
27:37 Gold Mining
29:35 Gold Shaft Mining
33:12 Imperial Age
31:35 Man-at-Arms
32:52 Long Swordsman
34:09 Fortified Wall
34:17 Scale Mail Armor
34:28 Forging
34:42 Comitatenses
33:45 Elite Centurion
34:36 Scale Barding Armor
35:00 Legionary
38:37 Chain Mail Armor
38:58 Iron Casting
38:44 Chain Barding Armor
38:33 Siege Engineers
38:50 Ballistics
39:30 Chemistry
39:10 Heavy Scorpion
41:52 Ballistas
43:20 Plate Barding Armor
43:46 Blast Furnace
Connection lost

Rejoining the realm…

Still unreachable

The connection could not be restored.

Session expired

The server has moved on; the page needs a fresh start.